 Dungeon Crawl Stone Soup version 0.24.0-13-gcf9b319 (webtiles) character file.

Game seed: 11367077028674905619, levelgen mode: deterministic

1689 Bronimir the Geomancer (level 8, -1/67 HPs)
             Began as a Deep Dwarf Earth Elementalist on Apr 21, 2020.
             Was an Initiate of Makhleb.
             Slain by an orc warrior
             ... wielding a +0 glaive
              (22 damage)
             ... on level 6 of the Dungeon.
             The game lasted 00:20:57 (7042 turns).

Bronimir the Geomancer (DDEE)                       Turns: 7042, Time: 00:20:58

Health: -1/67      AC:  7    Str: 13    XL:     8   Next: 72%
Magic:  8/13       EV: 13    Int: 17    God:    Makhleb [......]
Gold:   322        SH:  0    Dex: 13    Spells: 0/15 levels left

rFire    . . .     SeeInvis .   a - +1 war axe
rCold    + . .     Gourm    .   (no shield)
rNeg     . . .     Faith    .   L - +1 leather armour {rC+}
rPois    .         Spirit   .   (no helmet)
rElec    .         Reflect  .   A - +1 cloak
rCorr    .         Harm     .   (no gloves)
MR       +....                  F - +0 pair of boots
Stlth    ++........             (no amulet)
HPRegen  0.00/turn              (no ring)
MPRegen  0.13/turn              (no ring)

@: non-regenerating
A: damage resistance, heal wounds, sense surroundings 1, no regeneration
a: Heal Wounds, Renounce Religion


You were on level 6 of the Dungeon.
You worshipped Makhleb.
Makhleb was noncommittal.
You were not hungry.

You visited 2 branches of the dungeon, and saw 7 of its levels.
You also visited: Ossuary.

You collected 322 gold pieces.

Inventory:

Hand Weapons
 a - a +1 war axe (weapon)
 g - the +2 sword of Power
   (You acquired it on level 5 of the Dungeon)
 j - a +0 club
 E - a +0 spear
 H - a +0 hand axe
Missiles
 b - 16 stones
 i - 5 javelins (quivered)
 w - 35 bolts
 y - 41 arrows
 N - 3 sling bullets
Armour
 f - a +0 ring mail
 A - a +1 cloak (worn)
 F - a +0 pair of boots (worn)
 L - a +1 leather armour of cold resistance (worn)
Scrolls
 h - 6 scrolls of teleportation
 n - 3 scrolls of remove curse
 r - 9 scrolls of identify
 t - 2 scrolls of blinking
 z - a scroll of enchant weapon
 B - a scroll of fog
 J - 3 scrolls of amnesia
Potions
 c - 2 potions of might
 e - 2 potions of berserk rage {unknown}
 k - 4 potions of curing {unknown}
 l - 2 potions of haste {unknown}
 o - 3 potions of ambrosia {unknown}
 p - 2 potions of lignification {unknown}
 q - 3 potions of brilliance {unknown}
 s - a potion of degeneration {unknown}
 u - 2 potions of mutation {unknown}
 x - 3 potions of heal wounds {unknown}
 C - a potion of cancellation {unknown}
 D - 2 potions of invisibility {unknown}
 G - a potion of resistance {unknown}
 I - 2 potions of agility {unknown}
Comestibles
 d - 8 rations
 m - 2 chunks of flesh


   Skills:
 + Level 1.9 Fighting
 + Level 0.7 Long Blades
 * Level 2.7(2.8) Axes
 + Level 0.2(1.3) Polearms
 + Level 1.5 Throwing
 * Level 3.6 Armour
 * Level 3.1 Dodging
 - Level 2.4 Stealth
 + Level 4.3 Spellcasting
 * Level 2.2 Conjurations
 - Level 2.4 Transmutations
 * Level 9.7 Earth Magic
 * Level 1.4 Invocations


You couldn't memorise any spells.
You knew the following spells:

 Your Spells              Type           Power        Failure   Level  Hunger
a - Sandblast             Erth           #####.       1%          1    None
b - Passwall              Tmut/Erth      ###.....     2%          2    ##.....
c - Stone Arrow           Conj/Erth      ###...       4%          3    ###....
d - Petrify               Tmut/Erth      ###.....     16%         4    ####...
e - Lee's Rapid Deconstr  Erth           #####.....   10%         5    ######.

Your spell library contained the following spells:

 Spells                   Type           Power        Failure   Level  Hunger


Dungeon Overview and Level Annotations

Branches:
Dungeon (6/15)             Temple (1/1) D:5         Ossuary (visited)

Altars:
Cheibriados
Dithmenos
Elyvilon
Fedhas
Gozag
Hepliaklqana
Makhleb
Okawaru
Qazlal
Ru
Sif Muna
Trog
Xom
Yredelemnul
Zin
The Shining One
Lugonu

Shops:
D:4 ?   D:5 ?


Innate Abilities, Weirdness & Mutations

You are resistant to damage.
You can heal yourself by infusing magical energy.
You passively map a small area around you.
You do not regenerate.


Message History

b - 18 stones The orc warrior completely misses you.
Casting: Sandblast (safe; 1% risk of failure)
Confirm with . or Enter, or press ? or * to list all spells.
Aiming: Sandblast (safe; 1% risk of failure)
Press: ? - help, Shift-Dir - straight line, f/p - orc warrior
Aim: an orc warrior, wielding a +0 glaive and wearing a +0 plate armour (moderately wounded)
The blast of sand hits the orc warrior but does no damage.
The orc warrior is moderately wounded.
b - 17 stones
Casting: Sandblast (safe; 1% risk of failure)
Confirm with . or Enter, or press ? or * to list all spells.
Aiming: Sandblast (safe; 1% risk of failure)
Press: ? - help, Shift-Dir - straight line, f/p - orc warrior
Aim: an orc warrior, wielding a +0 glaive and wearing a +0 plate armour (moderately wounded)
The blast of sand hits the orc warrior.
The orc warrior is heavily wounded.
b - 16 stones The orc warrior hits you from afar with a +0 glaive!!
You die...

...# #..# #.#
#..#####. #.#
#o....... * #.#
#.######. #o# #Y#
, #o# #.# #o# o.#
#)# ### #@# #.# *
#.# #### *, #.#
....., * #.#
################.#
.................#
##################
.#


You could see an orc warrior and 2 orcs.

Vanquished Creatures
  A water moccasin (D:6)
  An orc warrior (D:6)
  A sky beast (D:5)
  2 phantoms
  A centaur (D:5)
  2 ogres
  A bullfrog (D:6)
  A water moccasin zombie (Ossuary)
  A scorpion (D:6)
  2 howler monkeys
  A crimson imp (D:5)
  A hound (D:4)
  2 orc priests
  A jelly (D:4)
  A centaur skeleton (D:6)
  2 orc wizards (D:5)
  Jessica (D:2)
  Natasha (thrice) (D:2)
  3 worker ants
  A big kobold zombie (Ossuary)
  2 mummies (Ossuary)
  A hound skeleton (D:4)
  3 gnolls (D:2)
  3 adders
  A howler monkey skeleton (D:4)
  A river rat (D:4)
  A shadow imp (D:6)
  2 oozes
  10 adder zombies (Ossuary)
  5 worms
  A dart slug (D:2)
  2 leopard geckos (D:5)
  19 orcs
  5 ball pythons
  4 giant cockroaches
  6 goblins
  8 hobgoblins
  2 jackals (D:2)
  7 bats
  3 frilled lizards
  3 gnoll zombies (Ossuary)
  8 hobgoblin zombies (Ossuary)
  4 kobolds
  4 kobold zombies (Ossuary)
  A leopard gecko skeleton (D:5)
  4 orc zombies (Ossuary)
  12 rats
151 creatures vanquished.

Notes
Turn   | Place    | Note
-------+----------+-------------------------------------------
     0 | D:1      | Bronimir the Deep Dwarf Earth Elementalist began the quest
                  | for the Orb.
     0 | D:1      | Reached XP level 1. HP: 15/15 MP: 3/3
   163 | D:1      | Reached XP level 2. HP: 19/22 MP: 1/4
   489 | D:1      | Reached skill level 5 in Earth Magic
   589 | D:1      | Reached XP level 3. HP: 24/28 MP: 3/6
   804 | D:2      | Found a snail-covered altar of Cheibriados.
   952 | D:2      | Noticed Jessica
   960 | D:2      | Killed Jessica
   960 | D:2      | Reached skill level 1 in Armour
  1112 | D:2      | Noticed Natasha
  1116 | D:2      | Killed Natasha
  1116 | D:2      | Reached skill level 1 in Throwing
  1116 | D:2      | Reached XP level 4. HP: 17/37 MP: 2/7
  1276 | D:2      | Noticed Natasha
  1284 | D:2      | Killed Natasha
  1439 | D:2      | Learned a level 2 spell: Passwall
  1451 | D:2      | Learned a level 3 spell: Stone Arrow
  1589 | D:2      | Reached XP level 5. HP: 25/43 MP: 7/9
  1915 | D:2      | Found a basalt altar of Yredelemnul.
  1961 | D:2      | Noticed Natasha
  1964 | D:2      | Killed Natasha
  2281 | D:3      | Found an iron altar of Okawaru.
  2558 | D:3      | Learned a level 4 spell: Petrify
  2639 | D:3      | Reached skill level 6 in Earth Magic
  3626 | D:3      | Found a white marble altar of Elyvilon.
  3789 | D:4      | Reached XP level 6. HP: 23/50 MP: 3/10
  4030 | D:4      | Reached skill level 1 in Fighting
  4030 | D:4      | Reached skill level 1 in Transmutations
  4139 | D:4      | Reached skill level 7 in Earth Magic
  4380 | D:4      | Reached skill level 1 in Axes
  4380 | D:4      | Reached XP level 7. HP: 30/57 MP: 5/11
  4696 | D:4      | Found Magh's Magic Scroll Boutique.
  4965 | D:4      | Reached skill level 1 in Conjurations
  5116 | D:5      | Entered Level 5 of the Dungeon
  5180 | D:5      | Found a sand-covered staircase.
  5186 | Ossuary  | Entered an ossuary
  5496 | Ossuary  | Reached skill level 8 in Earth Magic
  5728 | D:5      | Found a shadowy altar of Dithmenos.
  5734 | D:5      | Reached XP level 8. HP: 36/67 MP: 6/12
  5791 | D:5      | Found a staircase to the Ecumenical Temple.
  5812 | Temple   | Entered the Ecumenical Temple
  6124 | D:5      | Found Doty's Magic Scroll Boutique.
  6137 | D:5      | Identified a scroll of acquirement
  6138 | D:5      | Found the +0 sword of Power
  6145 | D:5      | Found a hazy altar of Hepliaklqana.
  6167 | D:5      | Found a glowing silver altar of Zin.
  6167 | D:5      | Found a glowing golden altar of the Shining One.
  6297 | D:5      | Reached skill level 9 in Earth Magic
  6380 | D:5      | Found a burning altar of Makhleb.
  6380 | D:5      | Noticed an Executioner
  6383 | D:5      | Noticed an orange demon
  6383 | D:5      | Noticed a hellwing
  6385 | D:5      | Became a worshipper of Makhleb the Destroyer
  6579 | D:6      | Learned a level 5 spell: Lee's Rapid Deconstruction
  6743 | D:6      | Reached skill level 1 in Invocations
  7042 | D:6      | Slain by an orc warrior

Levels and vault maps discovered:
D:1:      nzn_arrival_crosshair, layout_loops_ring, minmay_misc_feat_hallway,
          minmay_box_of_dots
D:2:      layout_loops_ring, nicolae_overflow_hidden_temple,
          lemuel_crystal_altar, uniq_natasha, uniq_jessica
D:3:      layout_loops_corners, lemuel_crystal_altar,
          kennysheep_okawaru_gauntlet
D:4:      layout_basic, serial_shops, shop, portal_sewer_entry_e
D:5:      layout_rooms, grunt_dithmenos_shadows, lemuel_crystal_altar,
          chequers_temple_overflow_statue_of_worship, makhleb_altar_promises_db,
          temple_pool_b, enter_ossuary_1, serial_shops, nicolae_shop_stone,
          first_ration, grunt_ministairs_14
D:6:      layout_loops_ring, gammafunk_temple_overflow_wave,
          chequers_serial_rivers_small_a
Temple:   corrupted_temple

Skill      XL: |  1  2  3  4  5  6  7  8 |
---------------+-------------------------+-----
Spellcasting   | 2 3 4 |  4.3
Earth Magic    | 5 6 7 8 9 |  9.7
Armour         | 1 2 3 |  3.6
Throwing       | 1 |  1.5
Fighting       | 1 |  1.9
Transmutations | 1 2 |  2.4
Axes           | 1 2 |  2.7
Conjurations   | 1 2 |  2.2
Invocations    | 1 |  1.4
Dodging        | 3 |  3.1
Long Blades    | |  0.7
Polearms       | |  0.2
Stealth        | |  2.4

Action                   |  1- 3 |  4- 6 |  7- 9 || total
-------------------------+-------+-------+-------++-------
Melee: Club              |     6 |       |       ||     6
       Spear             |     1 |    31 |       ||    32
       War axe           |       |       |    26 ||    26
       Great sword       |       |       |     6 ||     6
Throw: Javelin           |     3 |     1 |    15 ||    19
 Cast: Sandblast         |    34 |    67 |   135 ||   236
       Stone Arrow       |       |    11 |     4 ||    15
       Petrify           |       |     1 |     3 ||     4
 Abil: Heal Wounds       |       |     3 |     3 ||     6
  Use: Scroll            |       |       |    11 ||    11
 Stab: Distracted        |       |     1 |       ||     1
       Petrified         |       |       |     5 ||     5
  Eat: Chunk             |     1 |     8 |     6 ||    15
       Ration            |       |     1 |     1 ||     2
Armor: Robe              |     7 |    10 |       ||    17
       Leather armour    |       |     5 |    22 ||    27
Dodge: Dodged            |    10 |    40 |    42 ||    92
       Rpst.: Great sword |       |       |     2 ||     2
